AoeStats
← Michi3052

Arena

504024278Analyzed
1v1 RM · 1mo ago on Sep 3, 2026· 41m 38s· 2 players
Game mode
Random Map
Map size
Tiny (2 player)
Population
200
Speed
Normal
Resources
Standard
Victory
Conquest
Starting age
Dark Age
Ending age
Imperial Age
RankedLock teamsTeams togetherTeam positionsShared explorationLock speedFull tech treeHidden civsTurbo modeCheats
Victory
Defeat
🇪🇸 Portuguese · Spain
679
+17
🇪🇸 Turks · Spain
711
-17
Filipo
0:28 Loom
10:43 Feudal Age
15:36 Castle Age
14:31 Double-Bit Axe
15:58 Horse Collar
18:23 Fletching
20:49 Bodkin Arrow
28:19 Imperial Age
30:03 Chemistry
32:19 Arquebus
35:51 Conscription
38:08 Elite Organ Gun
Michi3052
12:40 Feudal Age
15:30 Double-Bit Axe
18:14 Castle Age
17:23 Gold Mining
17:19 Horse Collar
26:10 Imperial Age
26:07 Padded Archer Armor
28:56 Bow Saw
28:54 Fletching
32:30 Leather Archer Armor
34:10 Wheelbarrow
33:20 Loom
36:39 Ballistics
38:44 Hand Cart
Connection lost

Rejoining the realm…

Still unreachable

The connection could not be restored.

Session expired

The server has moved on; the page needs a fresh start.